 Dungeon Crawl Stone Soup version 0.30.1-11-g7821555f0a (webtiles) character file.

Game seed: 12243900647067783602

593 hawla the Magician (level 7, 0/37 HPs)
             Began as a Deep Elf Fire Elementalist on Jan 12, 2024.
             Slain by an ice beast (5 damage)
             ... on level 5 of the Dungeon.
             The game lasted 00:06:01 (3562 turns).

hawla the Magician (Deep Elf Fire Elementalist)     Turns: 3562, Time: 00:06:02

Health: 0/37       AC:  5    Str: 11    XL:     7   Next: 16%
Magic:  9/17       EV: 13    Int: 22    God:
Gold:   225        SH:  0    Dex: 19    Spells: 14/17 levels left

rFire   . . .        s - +0 falchion
rCold   . . .        (no shield)
rNeg    . . .        a - +0 robe
rPois   .            n - +0 helmet of the Crypt {rElec Dex+4 Stlth+}
rElec   +            (no cloak)
rCorr   .            o - +0 pair of gloves
SInv    .            u - +0 pair of boots
Will    .....        (no amulet)
Stlth   ++++         t - +6 ring of strength
HPRegen 0.26/turn    (no ring)
MPRegen 0.15/turn

%: no passive effects
@: no status effects
A: talons 1
a: no special abilities


You were on level 5 of the Dungeon.
You visited 1 branch of the dungeon, and saw 5 of its levels.

You collected 225 gold pieces.

Inventory:

Hand Weapons
 f - a +2 vampiric dagger
 s - a +0 falchion (weapon)
Armour
 a - a +0 robe (worn)
 n - the +0 helmet of the Crypt (worn) {rElec Dex+4 Stlth+}
   (You found it on level 2 of the Dungeon)

   Dex:       It affects your dexterity (+4).
   rElec:     It insulates you from electricity.
   Stlth:     It makes you more stealthy.
 o - a +0 pair of gloves (worn)
 u - a +0 pair of boots (worn)
Jewellery
 l - a +6 ring of strength
 t - a +6 ring of strength (left hand)
Wands
 g - a wand of paralysis (7) (quivered)
Scrolls
 i - a scroll of magic mapping
 m - 4 scrolls of teleportation
 q - 2 scrolls of poison {unknown}
 x - a scroll of fog {unknown}
Potions
 b - 2 potions of magic
 c - a potion of might
 d - a potion of heal wounds
 e - a potion of attraction
 h - 2 potions of brilliance {unknown}
 j - a potion of invisibility
 k - 2 potions of resistance {unknown}
 p - 3 potions of curing {unknown}
 v - 2 potions of cancellation {unknown}


   Skills:
 + Level 0.8 Fighting
 + Level 1.4(1.6) Short Blades
 + Level 1.0(1.3) Long Blades
 + Level 3.4 Dodging
 - Level 3.7 Stealth
 + Level 5.5 Spellcasting
 + Level 2.4 Conjurations
 + Level 5.4 Fire Magic
 + Level 3.0 Evocations


You had 14 spell levels left.
You knew the following spells:

 Your Spells              Type           Power      Damage    Failure   Level
a - Foxfire               Conj/Fire      92%        2x1d8     1%          1
b - Scorch                Fire           60%        2d7       1%          2

Your spell library contained the following spells:

 Spells                   Type           Power      Damage    Failure   Level
 Inner Flame              Hex/Fire       18%        N/A       10%         3
 Volatile Blastmotes      Fire/Tloc      36%        2d13      10%         3
 Flame Wave               Conj/Fire      23%        2d8       19%         4
 Passage of Golubria      Tloc           6%         N/A       67%         4
 Silence                  Hex/Air        3%         N/A       95%         5
 Lehudib's Crystal Spear  Conj/Erth      5%         10d3      100%        8


Dungeon Overview and Level Annotations

Branches:
Dungeon (5/15)
 Temple: D:4-7

Altars:
Dithmenos
Hepliaklqana

Annotations:
D:5 1 transporter, occam's ghost, novice MfGl


Innate Abilities, Weirdness & Mutations

You have sharp toenails.


Message History

Casting: Scorch (safe; 1% risk of failure)
Confirm with . or Enter, or press ? or * to list all spells.
You don't know that spell.
Okay, then.
You hit the orc.
The orc is almost dead.
The orc barely misses you. The orc completely misses you.
You hit the orc.
You kill the orc!
HP restored.
An ice beast comes into view.
Things that are here:
a +0 club; an amulet of reflection; an orc corpse An ice beast is nearby!
The ice beast hits you but does no damage.
Casting: Scorch (safe; 1% risk of failure)
Confirm with . or Enter, or press ? or * to list all spells.
Flames lash the ice beast.
The ice beast is lightly wounded.
The ice beast's fire resistance burns away.
The ice beast hits you. The ice beast freezes you!
Casting: Scorch (safe; 1% risk of failure)
Confirm with . or Enter, or press ? or * to list all spells.
Flames lash the ice beast.
The ice beast melts!
The ice beast is heavily wounded.
The ice beast hits you. The ice beast freezes you.
Casting: Scorch (safe; 1% risk of failure)
Confirm with . or Enter, or press ? or * to list all spells.
Flames lash the ice beast.
The ice beast melts!
The ice beast is heavily wounded.
The ice beast hits you. The ice beast freezes you!
* * * LOW HITPOINT WARNING * * *
Casting: Scorch (safe; 1% risk of failure)
Confirm with . or Enter, or press ? or * to list all spells.
Flames lash the ice beast.
The ice beast melts!
The ice beast is almost dead.
The ice beast hits you.
* * * LOW HITPOINT WARNING * * *
The ice beast freezes you.
You die...

.#......).......#
....########..#.# ##..##
#####...#
#....####......##
............)..#
≈≈≈≈≈≈≈≈≈...#..#
≈≈≈≈≈≈≈≈≈.#.##.##
..#####≈≈.#.....##
#.#.#.#≈≈...##>.@#
###...#≈≈..##....Y......
.g..###≈≈.. #...........
###. ≈≈.# #..........#
$$#.# ≈ #.........## .$+
. #........## .$#.##
#.......## ### #.......#


You could see an ice beast (combustible).

Vanquished Creatures
  Sigmund (D:4)
  A black bear (D:4)
  A scorpion (D:4)
  3 hounds
  An iguana (D:4)
  Natasha (thrice) (D:2)
  3 adders
  A worm (D:2)
  2 dart slugs
  4 orcs
  A ball python (D:1)
  3 endoplasms (D:1)
  2 giant cockroaches
  4 goblins
  7 hobgoblins
  6 jackals (D:1)
  3 quokkas
  3 bats
  3 frilled lizards (D:1)
  5 kobolds
  8 rats
65 creatures vanquished.

Vanquished Creatures (others)
  92 foxfires
92 creatures vanquished.

Grand Total: 157 creatures vanquished

Notes
Turn   | Place    | Note
-------+----------+-------------------------------------------
     0 | D:1      | hawla the Deep Elf Fire Elementalist began the quest for
                  | the Orb.
     0 | D:1      | Reached XP level 1. HP: 10/10 MP: 6/6
   236 | D:1      | Reached XP level 2. HP: 15/15 MP: 6/8
   239 | D:1      | Learned a level 2 spell: Scorch
   752 | D:2      | Reached XP level 3. HP: 19/19 MP: 5/9
   799 | D:2      | Noticed Natasha
   816 | D:2      | Killed Natasha
   860 | D:2      | Noticed Natasha
   863 | D:2      | Killed Natasha
   864 | D:2      | Reached XP level 4. HP: 18/24 MP: 4/11
   981 | D:2      | Found a faded altar of an unknown god.
  1057 | D:2      | Identified the +0 helmet of the Crypt {rElec Dex+4 Stlth+}
  1109 | D:2      | Noticed Natasha
  1113 | D:2      | Killed Natasha
  1643 | D:3      | Found a shadowy altar of Dithmenos.
  2549 | D:4      | Found a hazy altar of Hepliaklqana.
  2560 | D:4      | Reached skill level 1 in Evocations
  2617 | D:4      | Reached XP level 5. HP: 13/28 MP: 8/13
  2684 | D:4      | Noticed a black bear
  2690 | D:4      | Killed a black bear
  2691 | D:4      | Reached skill level 1 in Short Blades
  2691 | D:4      | Reached XP level 6. HP: 32/32 MP: 6/14
  2953 | D:4      | Noticed Sigmund
  2958 | D:4      | Killed Sigmund
  2959 | D:4      | Reached skill level 5 in Spellcasting
  2959 | D:4      | Reached skill level 5 in Fire Magic
  2959 | D:4      | Reached XP level 7. HP: 26/37 MP: 5/17
  3063 | D:4      | Identified the +3 leather armour "Pyunot" {rF- Str+2
                  | Slay+2}
  3395 | D:5      | Entered Level 5 of the Dungeon
  3408 | D:5      | Gained mutation: You have sharp toenails. [potion of
                  | mutation]
  3453 | D:5      | Found a transporter.
  3494 | D:5      | Noticed occam's ghost (novice MfGl)
  3529 | D:5      | Reached skill level 1 in Long Blades
  3562 | D:5      | Slain by an ice beast

Illustrated notes

Levels and vault maps discovered:
D:1:      dpeg_arrival_concentric_ovals, layout_loops_ring
D:2:      layout_rooms, nicolae_ecumenical_lake_church, uniq_natasha
D:3:      layout_basic, nicolae_dithmenos_shadow_blocks
D:4:      layout_cave_pools, mainiacjoe_overflow_concentric_impassable,
          uniq_sigmund
D:5:      layout_rooms, fedhas_altar_2, lemuel_temple_firewalk_b,
          gammafunk_ghost_gnarly_gnolls, serial_shops,
          nicolae_shop_real_fake_doors, grunt_decor_one_mirror,
          minmay_parallelograms, uniq_menkaure, uniq_eustachio

Skill      XL: |  1  2  3  4  5  6  7 |
---------------+----------------------+-----
Fire Magic     | 4 5 |  5.4
Stealth        | 3 |  3.7
Spellcasting   | 4 5 |  5.5
Evocations     | 2 3 |  3.0
Short Blades   | 1 |  1.4
Dodging        | 3 |  3.4
Conjurations   | 2 |  2.4
Long Blades    | 1 |  1.0
Fighting       | |  0.8

Action                     |  1- 3 |  4- 6 |  7- 9 || total
---------------------------+-------+-------+-------++-------
  Melee: Dagger            |    23 |    11 |       ||    34
         Falchion          |       |    19 |    25 ||    44
         Punch             |       |     1 |     1 ||     2
   Cast: Foxfire           |    28 |    23 |     3 ||    54
         Scorch            |     3 |    13 |     7 ||    23
    Use: Scroll            |       |     8 |     2 ||    10
         Potion            |       |       |     1 ||     1
   Stab: Sleeping          |     4 |     5 |     4 ||    13
 Armour: Robe              |     4 |     6 |     5 ||    15
  Dodge: Dodged            |    11 |    16 |    23 ||    50
